 Dungeon Crawl Stone Soup version 0.29-a0-321-gf1c400731a (webtiles) character file.

Game seed: 7827801855723797692

55 Dabor the Chopper (level 3, -1/33 HPs)
             Began as a Hill Orc Monk on Apr 5, 2022.
             Slain by Terence
             ... wielding a +0 short sword
              (5 damage)
             ... on level 2 of the Dungeon.
             The game lasted 00:02:27 (1718 turns).

Dabor the Chopper (Hill Orc Monk)                   Turns: 1718, Time: 00:02:28

Health: -1/33      AC:  6    Str: 15    XL:     3   Next: 93%
Magic:  3/3        EV: 11    Int: 10    God:
Gold:   74         SH:  0    Dex: 13    Spells: 2/2 levels left

rFire   . . .      SeeInvis .   a - +0 hand axe
rCold   . . .      Faith    .   (no shield)
rNeg    . . .      Spirit   .   f - +0 ring mail
rPois   .          Reflect  .   l - +0 helmet
rElec   .          Harm     .   (no cloak)
rCorr   .          Rampage  .   (no gloves)
Will    +....                   (no boots)
Stlth   +.........              (no amulet)
HPRegen 0.11/turn               d - ring of willpower
MPRegen 0.08/turn               (no ring)

@: attractive
A: no striking features
a: no special abilities


You were on level 2 of the Dungeon.
You visited 1 branch of the dungeon, and saw 2 of its levels.

You collected 74 gold pieces.

Inventory:

Hand Weapons
 a - a +0 hand axe (weapon)
Armour
 b - a +0 robe
 f - a +0 ring mail (worn)
 l - a +0 helmet (worn)
Jewellery
 d - a ring of willpower (left hand)
 j - a +6 ring of intelligence
Scrolls
 c - a scroll of vulnerability {unknown}
 g - a scroll of teleportation
 h - 4 scrolls of identify {unknown}
 k - 2 scrolls of enchant weapon {unknown}
Potions
 e - 2 potions of attraction
 i - a potion of berserk rage {unknown}


   Skills:
 + Level 4.2 Fighting
 + Level 4.6 Axes
 + Level 0.7 Armour
 + Level 2.8 Dodging
 - Level 2.0 Stealth


You had 2 spell levels left.
You didn't know any spells.
Your spell library contained the following spells:

 Spells                   Type           Power      Damage    Failure   Level
 Apportation              Tloc           0%         N/A       58%         1
 Tukima's Dance           Hex            0%         N/A       92%         3
 Anguish                  Hex/Necr       0%         N/A       100%        4
 Alistair's Intoxication  Tmut/Pois      0%         N/A       100%        5
 Enfeeble                 Hex            0%         N/A       100%        7


Dungeon Overview and Level Annotations

Branches:
Dungeon (2/15)

Altars:

Annotations:
D:2 Terence


Message History

Terence is heavily wounded.
You closely miss the kobold. Terence closely misses you.
The kobold hits you but does no damage.
You hit Terence but do no damage.
Terence is heavily wounded.
You hit the kobold but do no damage. Terence hits you with a +0 short sword.
The kobold hits you with a +0 whip. The kobold hits you but does no damage.
Terence hits you with a +0 short sword.
You hit Terence but do no damage.
Terence is heavily wounded.
You hit the kobold.
You kill the kobold!
Terence closely misses you.
You completely miss Terence.
Terence is heavily wounded.
Terence barely misses you.
You hit Terence but do no damage.
Terence is heavily wounded.
Terence closely misses you.
You hit Terence but do no damage.
Terence is heavily wounded.
Terence barely misses you.
You hit Terence but do no damage.
Terence is heavily wounded.
Terence misses you.
You hit Terence but do no damage.
Terence is heavily wounded.
Terence hits you with a +0 short sword.
You barely miss Terence.
Terence is heavily wounded.
Terence closely misses you.
You hit Terence but do no damage.
Terence is heavily wounded.
Terence hits you with a +0 short sword!
* * * LOW HITPOINT WARNING * * *
It was a potion of attraction.
You feel attractive to monsters.
Terence screams, "I'm going to kill you!"
Terence hits you with a +0 short sword.
You die...

####### #.....# #<....####.#
#############...@).....#
............#...@.##.###
.####.#####.#...>.#
.......##########.#
.#.#.#.##.........#
.......##.#########
.#.#.#..#.#......#
.......##.#......###########
.#.#.#.##.#................#


You could see Terence.

Vanquished Creatures
  An adder (D:2)
  3 dart slugs
  6 ball pythons
  3 endoplasms
  A giant cockroach (D:2)
  3 goblins
  5 hobgoblins
  4 kobolds
  2 quokkas (D:1)
  2 bats (D:2)
  A frilled lizard (D:1)
  3 rats
34 creatures vanquished.

Notes
Turn   | Place    | Note
-------+----------+-------------------------------------------
     0 | D:1      | Dabor the Hill Orc Monk began the quest for the Orb.
     0 | D:1      | Reached XP level 1. HP: 19/19 MP: 1/1
   140 | D:1      | Reached XP level 2. HP: 27/27 MP: 2/2
   608 | D:1      | Reached XP level 3. HP: 31/33 MP: 3/3
   802 | D:1      | Found a faded altar of an unknown god.
  1696 | D:2      | Noticed Terence
  1718 | D:2      | Slain by Terence

Illustrated notes

Levels and vault maps discovered:
D:1:      pf_arrival_petrified_forest, layout_loops_ring,
          shapermc_ecumenical_altar_mp_vishouse, st_stairs_1
D:2:      layout_loops_ring, serial_co_window_serial, co_window_paths_b,
          co_window_cross_1, co_window_paths_a, co_window_of_opportunity_a,
          co_window_paths_b, co_window_corner_cb, co_window_of_opportunity_b,
          co_window_unsneaky_path_c, co_window_paths_c,
          co_window_unsneaky_path_e, co_window_2corner, co_window_paths_e,
          glass_columns_b, glass_columns_a, glass_columns_c, glass_columns_b,
          glass_columns_a, uniq_terence

Skill      XL: |  1  2 |
---------------+-------+-----
Stealth        | 2 |  2.0
Fighting       | 4 |  4.2
Axes           | |  4.6
Armour         | |  0.7
Dodging        | |  2.8

Action                   || total
-------------------------++-------
Melee: Hand axe          ||   144
  Use: Potion            ||     2
       Scroll            ||     1
 Stab: Sleeping          ||     3
Armor: Ring mail         ||    48
       Robe              ||     4
Dodge: Dodged            ||    92

Table legend: (Time is in decaauts)
 A = Elapsed time spent in this place.
 B = Non-inter-level travel time spent in this place.
 C = Inter-level travel time spent in this place.
 D = Time resting spent in this place.
 E = Time spent auto-exploring this place.
 F = Levels seen in this place.
 G = Mean time per level.
                   A        B        C        D        E       F      G
               +--------+--------+--------+--------+--------+-----+--------+
         Total |   1728 |   1665 |     63 |      0 |   1340 |   2 |  864.0 |
       Dungeon |   1728 |   1665 |     63 |      0 |   1340 |   2 |  864.0 |
               +--------+--------+--------+--------+--------+-----+--------+

Top non-repeatable levels by time:
     D:1: 961 daAuts
     D:2: 767 daAuts
